 Dungeon Crawl Stone Soup version 0.13-a0-3104-gb5885e9 (webtiles) character file.

556 PolkaDot the Ruinous (level 6, -3/39 HPs)
             Began as a Vampire Wizard on Sept 19, 2013.
             Was an Initiate of Sif Muna.
             Slain by Malachi's ghost (9 damage)
             ... on Level 4 of the Dungeon.
             The game lasted 00:21:19 (4134 turns).

PolkaDot the Ruinous (Vampire Wizard)               Turns: 4134, Time: 00:21:19

HP  -3/39        AC  4     Str  6      XL: 6   Next: 79%
MP  15/15        EV 18     Int 22      God: Sif Muna [......]
Gold 93          SH  0     Dex 20      Spells:  4 memorised,  2 levels left

Res.Fire  : . . .   See Invis. : +   s - +3,+1 spear (slay drac)
Res.Cold  : . . .   Warding    : .   i - +0 robe
Life Prot.: . . .   Conserve   : .   (no shield)
Res.Poison: .       Res.Corr.  : .   b - +0 wizard hat
Res.Elec. : .       Clarity    : .   t - +1 cloak
Sust.Abil.: . .     Spirit.Shd : .   (no gloves)
Res.Mut.  : .       Stasis     : .   (no boots)
Res.Rott. : .       Flight     : .   (no amulet)
Saprovore : . . .                    a - ring of sustenance
                                     d - +3 ring of dexterity

@: regenerating very quickly, confused, agile, slightly resistant to hostile
enchantments, fairly stealthy
A: bottle blood, fangs 3, see invisible, unbreathing
a: Bottle Blood, Renounce Religion


You were on level 4 of the Dungeon.
You worshipped Sif Muna.
Sif Muna was pleased with you.
You were almost alive.

You visited 2 branches of the dungeon, and saw 6 of its levels.

You collected 73 gold pieces.

Inventory:

Hand weapons
 s - a +3,+1 spear of dragon slaying (weapon)
Armour
 b - a +0 wizard hat (worn)
 i - a +0 robe (worn)
 t - a +1 cloak (worn)
Magical devices
 o - a wand of heal wounds (9) {unknown}
Scrolls
 e - a scroll of noise
 f - 4 scrolls of enchant weapon I
 k - 3 scrolls of remove curse
Jewellery
 a - a ring of sustenance (right hand)
 d - a +3 ring of dexterity (left hand)
 p - an uncursed ring of ice
Potions
 l - 2 potions of blood
Books
 c - a book of Minor Magic

   Spells                             Type                      Level
   *Magic Dart                        Conjuration                  1
   *Blink                             Translocation                2
   Call Imp                           Summoning                    2
   Repel Missiles                     Charms/Air                   2
   Slow                               Hexes                        2
   *Conjure Flame                     Conjuration/Fire             3
   *Mephitic Cloud                    Conjuration/Poison/Air       3


   Skills:
 - Level 2.1 Dodging
 - Level 3.0 Stealth
 + Level 3.2 Spellcasting
 + Level 5.0 Conjurations
   Level 1.0 Summonings
 - Level 0.7 Translocations
 * Level 1.6 Air Magic


You had 2 spell levels left.
You knew the following spells:

 Your Spells              Type           Power        Failure   Level  Hunger
a - Magic Dart            Conj           ####         1%          1    None
d - Mephitic Cloud        Conj/Pois/Air  ##......     14%         3    ###....
q - Blink                 Tloc           N/A          14%         2    ##.....
s - Conjure Flame         Conj/Fire      ##......     14%         3    ###....


Dungeon Overview and Level Annotations

Branches:
Dungeon (5/27)             Temple (1/1) D:4

Altars:
Cheibriados
Elyvilon
Nemelex Xobeh
Okawaru
Sif Muna
Xom

Shops:
D:5 !

Annotations:
D:4 Malachi's ghost, average DsDK
D:5 Sigmund


Innate Abilities, Weirdness & Mutations

Your natural rate of healing is extremely fast.
You can bottle blood from corpses.
You have razor-sharp teeth.*
You have supernaturally acute eyesight.
You can survive without breathing.*


Message History

Drink which item? (? for menu, Esc to quit)
You feel more agile all of a sudden.
The centaur shoots an arrow.
The arrow hits you!
The centaur shoots an arrow.
The arrow hits you!
You're too confused to cast spells.
Drop what? (_ for help) (? for menu, Esc to quit)
Okay, then.
Put on which piece of jewellery? (? for menu, Esc to quit)
Okay, then.
Drink which item? (? for menu, Esc to quit)
Yummy - fresh blood!
The centaur shoots an arrow.
The arrow hits you!
* * * LOW HITPOINT WARNING * * *
The phantom blinks!
A gnoll comes into view. It is wielding a flail.
The centaur shoots an arrow.
The arrow misses you.
The centaur shoots an arrow.
The arrow misses you.
You climb upwards.
Level annotation: Malachi's ghost, average DsDK Malachi's ghost hits you!
You die...

##............
##.............
##..............
##.............%.
##...##'##........
#...##P.P##.......
#...#P.).P#.....##
#>p.#P.>.P#.....#
#@..#P..)P#.....#
#>..##PPP##.....#
#....#####......##
#.................
##................
##...............
##..............
##.............
##............


You could see Malachi's ghost.

Vanquished Creatures
  2 ogres (D:4)
  Crazy Yiuf (D:2)
  An orc wizard (D:4)
  A worker ant (D:4)
  Jessica (D:2)
  9 adders
  A worm (D:4)
  A grey rat (D:2)
  5 giant geckos
  An ooze (D:3)
  6 orcs
  A ball python (D:2)
  12 bats
  9 giant cockroaches
  5 hobgoblins
  11 kobolds
  2 quokkas
  3 giant newts
  9 goblins
  A hobgoblin skeleton (D:3)
  4 jackals (D:4)
  23 rats
  A fungus (D:2)
110 creatures vanquished.

Notes
Turn   | Place    | Note
--------------------------------------------------------------
     0 | D:1      | PolkaDot, the Vampire Wizard, began the quest for the Orb.
     0 | D:1      | Reached XP level 1. HP: 11/11 MP: 6/6
   114 | D:1      | Reached skill level 1 in Conjurations
   326 | D:1      | Reached XP level 2. HP: 17/17 MP: 2/8
  1320 | D:2      | Noticed Jessica
  1326 | D:2      | Killed Jessica
  1326 | D:2      | Reached XP level 3. HP: 15/22 MP: 3/10
  1748 | D:2      | Learned a level 3 spell: Conjure Flame
  1752 | D:2      | Learned a level 3 spell: Mephitic Cloud
  1870 | D:2      | Reached XP level 4. HP: 28/28 MP: 7/12
  2358 | D:2      | Noticed Crazy Yiuf
  2369 | D:2      | Killed Crazy Yiuf
  2577 | D:3      | Reached XP level 5. HP: 31/33 MP: 9/13
  3181 | D:3      | Reached skill level 4 in Conjurations
  3374 | D:4      | Noticed an ogre
  3423 | D:4      | Found an iron altar of Okawaru.
  3424 | D:4      | Found a snail-covered altar of Cheibriados.
  3462 | D:4      | Noticed an ogre
  3694 | D:4      | Killed an ogre
  3694 | D:4      | Reached XP level 6. HP: 39/39 MP: 1/15
  3728 | D:4      | Noticed Malachi's ghost (average DsDK)
  3757 | D:4      | Found a staircase to the Ecumenical Temple.
  3789 | Temple   | Entered the Ecumenical Temple
  3803 | Temple   | Became a worshipper of Sif Muna the Loreminder
  3856 | Temple   | Learned a level 2 spell: Blink
  3865 | D:4      | Reached skill level 5 in Conjurations
  4036 | D:4      | Killed an ogre
  4036 | D:4      | Reached skill level 1 in Air Magic
  4128 | D:5      | Entered Level 5 of the Dungeon
  4128 | D:5      | Found Reapt's Distillery.
  4128 | D:5      | Noticed Sigmund
  4134 | D:4      | Slain by Malachi's ghost

Action                   |  1- 3 |  4- 6 || total
-------------------------+-------+-------++-------
Melee: Unarmed           |    18 |       ||    18
       Mace              |     7 |       ||     7
       Spear             |       |   122 ||   122
 Cast: Magic Dart        |    87 |   138 ||   225
       Mephitic Cloud    |       |     8 ||     8
       Conjure Flame     |       |     2 ||     2
 Abil: Bottle Blood      |       |     4 ||     4
  Use: Scroll            |       |    12 ||    12
       Potion            |       |     6 ||     6
 Stab: Sleeping          |       |     2 ||     2
       Confused          |       |     1 ||     1
